 Dungeon Crawl Stone Soup version 0.29.0-11-gd7f09526c8 (webtiles) character file.

Game seed: 3190033359992931342

8 SnakkuSnakku7 the Sneak (level 2, -1/24 HPs)
             Began as a Human Delver on Sept 6, 2022.
             Was an Initiate of Okawaru.
             Slain by a goblin
             ... wielding a +0 club
              (6 damage)
             ... on level 2 of the Dungeon.
             The game lasted 00:02:04 (646 turns).

SnakkuSnakku7 the Sneak (Human Delver)               Turns: 646, Time: 00:02:04

Health: -1/24      AC:  4    Str: 12    XL:     2   Next: 15%
Magic:  2/2        EV: 12    Int: 10    God:    Okawaru [......]
Gold:   34         SH:  0    Dex: 14    Spells: 1/1 levels left

rFire   . . .      SeeInvis .   a - +0 spear
rCold   . . .      Faith    .   (no shield)
rNeg    . . .      Spirit   .   b - +0 leather armour
rPois   .          Reflect  .   (no helmet)
rElec   .          Harm     .   (no cloak)
rCorr   .          Rampage  .   (no gloves)
Will    .....                   d - +0 pair of boots
Stlth   +++.......              (no amulet)
HPRegen 0.08/turn               (no ring)
MPRegen 0.08/turn               (no ring)

@: no status effects
A: no striking features
a: Renounce Religion


You were on level 2 of the Dungeon.
You worshipped Okawaru.
Okawaru was noncommittal.
You visited 2 branches of the dungeon, and saw 6 of its levels.

You collected 34 gold pieces.

Inventory:

Hand Weapons
 a - a +0 spear (weapon)
Armour
 b - a +0 leather armour (worn)
 d - a +0 pair of boots (worn)
Wands
 g - a wand of digging (3)
Scrolls
 c - a scroll of fog
 e - 2 scrolls of identify {unknown}
Potions
 f - a potion of lignification {unknown}


   Skills:
 + Level 3.5 Fighting
 - Level 2.0 Polearms
 - Level 2.0 Dodging
 - Level 5.0 Stealth


You had one spell level left.
You didn't know any spells.
Your spell library contained the following spells:

 Spells                   Type           Power      Damage    Failure   Level
 Beastly Appendage        Tmut           0%         N/A       43%         1
 Wereblood                Tmut           0%         N/A       58%         2
 Spider Form              Tmut/Pois      0%         N/A       82%         3


Dungeon Overview and Level Annotations

Branches:
Dungeon (5/15)             Temple (1/1) D:5

Altars:
Ashenzari
Cheibriados
Dithmenos
Elyvilon
Fedhas
Hepliaklqana
Kikubaaqudgha
Makhleb
Okawaru
Ru
Sif Muna
Trog
Zin
The Shining One

Annotations:
D:2 Natasha


Message History

The kobold hits you with a +0 dagger.
There is a stone staircase leading down, spattered with blood here.
The kobold hits you but does no damage.
The hobgoblin hits you but does no damage.
The goblin drinks a potion.
The goblin seems to grow stronger.
You climb downwards.
Level annotation: Natasha
There is a stone staircase leading up here.
Unknown command.
The kobold attacks as you move away! The kobold hits you but does no damage.
The hobgoblin attacks as you move away! The hobgoblin hits you.
The kobold attacks as you move away! The kobold hits you with a +0 dagger.
The hobgoblin attacks as you move away! The hobgoblin closely misses you.
The kobold throws a stone.
The stone barely misses you.
You closely miss the hobgoblin.
The hobgoblin is severely wounded.
The hobgoblin closely misses you.
You barely miss the hobgoblin.
The hobgoblin is severely wounded.
The hobgoblin hits you but does no damage.
You completely miss the hobgoblin.
The hobgoblin is severely wounded.
The hobgoblin hits you.
You hit the hobgoblin.
You kill the hobgoblin!
Okawaru accepts your kill.
You hit the kobold.
You kill the kobold!
Okawaru accepts your kill.
You hit the goblin.
The goblin is severely wounded.
The goblin hits you with a +0 club.
* * * LOW HITPOINT WARNING * * *
You barely miss the goblin.
The goblin is severely wounded.
The goblin misses you.
You closely miss the goblin.
The goblin is severely wounded.
The goblin hits you with a +0 club.
You die...

#. #. #.# ### #..#.#
#@# #.#...#.# #g#
#..#.#.#.#.# #.#
..#.#.#.#.###.##.#.##
.....#......<....)..
................... #
#.#.##..###.##.....
#.##.#................
#.......#..#.#.####.##


You could see a goblin (strong).

Vanquished Creatures
  A goblin (D:3)
  A hobgoblin (D:2)
  A quokka (D:3)
  A bat (D:3)
  4 kobolds
8 creatures vanquished.

Vanquished Creatures (others)
  A giant cockroach (D:1)
  A kobold (D:1)
2 creatures vanquished.

Grand Total: 10 creatures vanquished

Notes
Turn   | Place    | Note
-------+----------+-------------------------------------------
     0 | D:5      | SnakkuSnakku7 the Human Delver began the quest for the Orb.
     0 | D:5      | Reached XP level 1. HP: 18/18 MP: 1/1
    26 | D:5      | Found a staircase to the Ecumenical Temple.
    26 | D:5      | Noticed a scorpion
    33 | Temple   | Entered the Ecumenical Temple
    39 | Temple   | Became a worshipper of Warmaster Okawaru
   572 | D:3      | Reached XP level 2. HP: 20/24 MP: 2/2
   596 | D:2      | Noticed Natasha
   646 | D:2      | Slain by a goblin

Illustrated notes

Levels and vault maps discovered:
D:1:      wander_arrival_desolate, layout_rooms, hangedman_decor_push,
          chequers_serial_rivers_micro_d, lemuel_flame_loot_1
D:2:      layout_basic, nicolae_ecumenical_pavilion, uniq_natasha
D:3:      layout_loops_corners, nemelex_diamond_rough_becter, nrook_mini_vaults
D:4:      layout_loops_ring, gammafunk_temple_overflow_pools, serial_shops,
          nicolae_take_the_stairs, ebering_ghost_sewer_d, uniq_grinder
D:5:      nicolae_cairo_tiling_large_dashed, layout_rooms, saegor_snake_ambush,
          uniq_blork_the_orc
Temple:   dpeg_three_leaves_temple

Action                   || total
-------------------------++-------
Melee: Spear             ||    40
  Use: Scroll            ||     2
       Potion            ||     1
 Stab: Sleeping          ||     3
Armor: Leather armour    ||    14
Dodge: Dodged            ||    21
